 Dungeon Crawl Stone Soup version 0.27.1-3-gb3d3a73c9e (webtiles) character file.

Game seed: 4008727940453209976

27 AZSletch the Ducker (level 2, 0/23 HPs)
             Began as a Demonspawn Gladiator on Oct 6, 2021.
             Succumbed to Robin's poison
             ... on level 2 of the Dungeon.
             The game lasted 00:03:59 (1387 turns).

AZSletch the Ducker (Demonspawn Gladiator)          Turns: 1387, Time: 00:04:00

Health: 0/23       AC:  4    Str: 14    XL:     2   Next: 93%
Magic:  2/2        EV: 12    Int:  9    God:
Gold:   25         SH:  0    Dex: 14    Spells: 1/1 levels left

rFire    . . .     SeeInvis .   a - +0 long sword
rCold    . . .     Faith    .   (no shield)
rNeg     . . .     Spirit   .   b - +0 leather armour
rPois    .         Reflect  .   c - +0 helmet
rElec    .         Harm     .   (no cloak)
rCorr    .         Rampage  .   (no gloves)
Will     .....                  (no boots)
Stlth    +.........             (no amulet)
HPRegen  0.07/turn              (no ring)
MPRegen  0.08/turn              (no ring)

@: lethally poisoned (0 -> -14)
A: foul stench 1
a: no special abilities


You were on level 2 of the Dungeon.
You visited 1 branch of the dungeon, and saw 2 of its levels.

You collected 25 gold pieces.

Inventory:

Hand Weapons
 a - a +0 long sword (weapon)
 l - a +0 spear
Missiles
 d - 3 throwing nets
 e - 53 stones
 g - 16 poisoned darts (quivered)
Armour
 b - a +0 leather armour (worn)
 c - a +0 helmet (worn)
Scrolls
 f - a scroll of noise {unknown}
 j - 2 scrolls of identify {unknown}
Potions
 h - a potion of ambrosia {unknown}
 i - a potion of haste {unknown}
 k - 2 potions of curing {unknown}


   Skills:
 + Level 2.8 Fighting
 - Level 2.6 Long Blades
 - Level 1.7 Throwing
 + Level 3.3 Dodging


You had one spell level left.
You didn't know any spells.
Your spell library was empty.

Dungeon Overview and Level Annotations

Branches:
Dungeon (2/15)

Altars:

Shops:
D:1 *

Annotations:
D:2 Robin


Innate Abilities, Weirdness & Mutations

You may rarely emit foul miasma when damaged in melee.


Message History

You throw a stone. The stone barely misses Robin.
Robin's bangles clink loudly.
Throw: 21 darts (poison)
Press: ? - help, Q - select action, (/) - cycle Shift-Dir - straight line, f/p - Robin
Aim: Robin, wielding a +3 whip of venom, wearing a +0 animal skin and wearing a +0 helmet (67% to hit)
You throw a poisoned dart. The poisoned dart barely misses Robin.
Throw: 20 darts (poison)
Press: ? - help, Q - select action, (/) - cycle Shift-Dir - straight line, f/p - Robin
Aim: Robin, wielding a +3 whip of venom, wearing a +0 animal skin and wearing a +0 helmet (67% to hit)
You throw a poisoned dart. The poisoned dart hits Robin.
Throw: 19 darts (poison)
Press: ? - help, Q - select action, (/) - cycle Shift-Dir - straight line, f/p - Robin
Aim: Robin, wielding a +3 whip of venom, wearing a +0 animal skin and wearing a +0 helmet (67% to hit)
You throw a poisoned dart. The poisoned dart hits Robin.
Robin is poisoned.
Throw: 18 darts (poison)
Press: ? - help, Q - select action, (/) - cycle Shift-Dir - straight line, f/p - Robin
Aim: Robin, wielding a +3 whip of venom, wearing a +0 animal skin and wearing a +0 helmet (lightly wounded, poisoned, 67% to hit)
You throw a poisoned dart. The poisoned dart hits Robin.
Robin looks even sicker.
Robin is lightly wounded.
The goblin shouts!
Throw: 17 darts (poison)
Press: ? - help, Q - select action, (/) - cycle Shift-Dir - straight line, f/p - Robin
Aim: Robin, wielding a +3 whip of venom, wearing a +0 animal skin and wearing a +0 helmet (lightly wounded, very poisoned, 67% to hit)
You throw a poisoned dart. The poisoned dart hits Robin.
Robin looks even sicker.
Robin is lightly wounded.
You hit Robin.
Robin is moderately wounded.
Robin hits you with a +3 whip of venom.
You are poisoned.
You hit Robin but do no damage.
Robin is heavily wounded.
You feel very sick. Robin hits you with a +3 whip of venom.
You are lethally poisoned!
You feel very sick.
* * * LOW HITPOINT WARNING * * *
You feel very sick.
You die...

#.####..gg #(# # #(#
#g# #(# #.# #g#
##########g#
#.......@..#
.####.##########
#.##.....#
##.##.###.### #.....#
#...# #..##.###.#.#
###..##.....#.#
...........##.#######.#
###..####..##.........#


You could see Robin (very poisoned).

Vanquished Creatures
  A ball python (D:1)
  2 endoplasms
  A giant cockroach (D:1)
  8 goblins
  7 hobgoblins
  A quokka (D:1)
  A bat (D:1)
21 creatures vanquished.

Notes
Turn   | Place    | Note
-------+----------+-------------------------------------------
     0 | D:1      | AZSletch the Demonspawn Gladiator began the quest for the
                  | Orb.
     0 | D:1      | Reached XP level 1. HP: 16/16 MP: 1/1
   182 | D:1      | Found Vaucaq's Assorted Antiques.
   218 | D:1      | Reached skill level 3 in Dodging
   218 | D:1      | Gained mutation: You may rarely emit foul miasma when
                  | damaged in melee. [demonic ancestry]
   218 | D:1      | Reached XP level 2. HP: 23/23 MP: 2/2
   383 | D:1      | Found a faded altar of an unknown god.
   750 | D:2      | Found Milijoah's Jewellery Shoppe.
   872 | D:2      | Noticed Robin
  1387 | D:2      | Succumbed to Robin's poison

Illustrated notes

Levels and vault maps discovered:
D:1:      dpeg_arrival_arbitrary_c, layout_basic,
          dreamdust_ecumenical_altar_grove, serial_shops,
          nicolae_shop_waterfront
D:2:      layout_loops_ring, basic_altar, serial_shops, nicolae_shop_stone,
          fountainhead, uniq_robin

Skill      XL: |  1 |
---------------+----+-----
Dodging        | 3 |  3.3
Fighting       | |  2.8
Long Blades    | |  2.6
Throwing       | |  1.7

Action                   || total
-------------------------++-------
Melee: Long sword        ||    47
Throw: Stone             ||    11
       Dart              ||     5
Armor: Leather armour    ||    16
Dodge: Dodged            ||    28
       Rpst.: Long sword ||     9
